 Dungeon Crawl Stone Soup version 0.30.1-4-g462c640d31 (webtiles) character file.

Game seed: 1813493762383299671

173391 Zeor the Phalangite (level 17, -6/124 (144) HPs)
             Began as a Merfolk Gladiator on Aug 10, 2023.
             Was the Champion of Okawaru.
             Mangled by a spectral titan (15 damage)
             ... in a wizard's laboratory on Aug 11, 2023.
             The game lasted 02:19:51 (28346 turns).

Zeor the Phalangite (Merfolk Gladiator)            Turns: 28346, Time: 02:19:51

HP:   -6/124 (144)  AC: 18    Str: 15      XL:     17   Next: 76%
MP:   33/35         EV: 28    Int: 11 (12) God:    Okawaru [******]
Gold: 3054          SH:  0    Dex: 25      Spells: 16/16 levels left

rFire   + . .        a - +4 glaive "Feulent" {vamp, Will+}
rCold   . . .        (shield currently unavailable)
rNeg    . . .        S - +2 scale mail "Xaeff" {rF+ rCorr MP+9}
rPois   +            c - +2 helmet
rElec   .            L - scarf {repulsion}
rCorr   +            X - +0 pair of gloves {hurl}
SInv    .            p - +0 pair of boots
Will    +++..        W - amulet of the acrobat
Stlth   ++++         v - ring of Sanogon {rPois Will+}
HPRegen 0.40/turn    i - ring of Daephiasm {Str-3 Int+4 Dex+6 Slay+5}
MPRegen 0.24/turn

%: repel missiles, acrobat
@: heroic, studying Armour, heavily drained
A: (nimble swimmer 2), mertail
}: 1/15 runes: barnacled
a: Renounce Religion, Heroism, Finesse, Duel


You were in a wizard's laboratory.
You worshipped Okawaru.
Okawaru was exalted by your worship.
You visited 6 branches of the dungeon, and saw 26 of its levels.
You also visited: Volcano and Wizlab.

You collected 3978 gold pieces.
You spent 924 gold pieces at shops.

Inventory:

Hand Weapons
 a - the +4 glaive "Feulent" (weapon) {vamp, Will+}
   (Okawaru gifted it to you on level 4 of the Lair of Beasts)

   Will:      It increases your willpower.
 b - a +2 bardiche of freezing
 P - a +2 glaive of flaming
 Q - the +5 trident "Caopneco" {elec, rF+ Dex+4}
   (You found it on level 5 of the Dungeon)

   Dex:       It affects your dexterity (+4).
   rF:        It protects you from fire.
 U - a +2 antimagic trident
Missiles
 d - 6 throwing nets
 e - 21 javelins
 g - 35 poisoned darts
 t - 16 atropa-tipped darts
 K - 14 silver javelins (quivered)
Armour
 c - a +2 helmet (worn)
 j - a +1 cloak of poison resistance
 p - a +0 pair of boots (worn)
 B - a +2 pair of gloves of infusion
 G - the +0 plate armour of Vadghugh {Contam rN+++ Regen+ Int-5}
   (You acquired it on level 15 of the Dungeon)

   Int:       It affects your intelligence (-5).
   rN:        It renders you almost immune to negative energy.
   Contam:    It causes magical contamination when unequipped.
   Regen:     It increases your rate of health regeneration.
 H - +2 steam dragon scales
 I - a +3 leather armour of cold resistance
 L - a scarf of repulsion (worn)
 S - the +2 scale mail "Xaeff" (worn) {rF+ rCorr MP+9}
   (Okawaru gifted it to you on level 4 of the Shoals)

   rF:        It protects you from fire.
   MP:        It affects your magic capacity (+9).
   rCorr:     It protects you from acid and corrosion.
 X - a +0 pair of gloves of hurling (worn)
Jewellery
 i - the ring of Daephiasm (right hand) {Str-3 Int+4 Dex+6 Slay+5}
   (You found it on level 14 of the Dungeon)

   [ring of dexterity]

   Str:       It affects your strength (-3).
   Int:       It affects your intelligence (+4).
   Dex:       It affects your dexterity (+6).
   Slay:      It affects your accuracy & damage with ranged weapons and melee
   (+5).
 v - the ring of Sanogon (left hand) {rPois Will+}
   (You found it on level 4 of the Shoals)

   [ring of poison resistance]

   rPois:     It protects you from poison.
   Will:      It increases your willpower.
 x - the ring "Hageff" {rElec rPois Str+3}
   (You bought it in a shop on level 2 of the Orcish Mines)

   [ring of poison resistance]

   Str:       It affects your strength (+3).
   rElec:     It insulates you from electricity.
   rPois:     It protects you from poison.
 C - the ring "Turue" {rF+ Str-5 Dex+4 SInv Stlth+}
   (You found it on level 13 of the Dungeon)

   [ring of protection from fire]

   Str:       It affects your strength (-5).
   Dex:       It affects your dexterity (+4).
   rF:        It protects you from fire.
   SInv:      It lets you see invisible.
   Stlth:     It makes you more stealthy.
 E - the ring of Broken Luck {+Blink rCorr}
   (You found it on level 4 of the Shoals)

   [ring of resist corrosion]

   +Blink:    It lets you blink.
   rCorr:     It protects you from acid and corrosion.
 N - a ring of flight
 T - the ring of the Fabulous God {rF+++ rN+ Str-5 Slay+5}
   (You acquired it on level 13 of the Dungeon)

   [ring of positive energy]

   Str:       It affects your strength (-5).
   Slay:      It affects your accuracy & damage with ranged weapons and melee
   (+5).
   rF:        It renders you almost immune to fire.
   rN:        It protects you from negative energy.
 W - an amulet of the acrobat (around neck)
Wands
 n - a wand of flame (40)
 u - a wand of polymorph (28)
 y - a wand of mindburst (14)
 Y - a wand of light (10)
Scrolls
 l - 4 scrolls of poison
 m - 3 scrolls of enchant weapon
 o - 3 scrolls of fear
 q - 18 scrolls of teleportation
 r - 5 scrolls of immolation
 s - 2 scrolls of silence
 w - 6 scrolls of fog
 F - 4 scrolls of blinking
 J - 6 scrolls of identify
 Z - 2 scrolls of magic mapping
Potions
 f - a potion of haste
 h - 14 potions of curing
 k - 4 potions of magic
 z - 4 potions of cancellation
 A - 4 potions of heal wounds
 D - a potion of invisibility
 M - 5 potions of resistance
 O - 2 potions of berserk rage
 R - a potion of brilliance
 V - a potion of might


   Skills:
 * Level 15.8(20.8) Fighting
 + Level 21.6(26.6) Polearms
 * Level 10.8(15.8) Throwing
 * Level 7.8(12.8) Armour
 * Level 19.0(24.0) Dodging
 - Level 7.3(12.3) Stealth
 * Level 12.2 Invocations


You had 16 spell levels left.
You didn't know any spells.
Your spell library contained the following spells:

 Spells                   Type           Power      Damage    Failure   Level
 Kiss of Death            Conj/Necr      0%         2d5       69%         1
 Necrotise                Necr           0%         1d4       69%         1
 Sandblast                Erth           0%         2d4       69%         1
 Shock                    Conj/Air       0%         1d3       69%         1
 Passwall                 Tmut/Erth      0%         N/A       83%         2
 Confusing Touch          Hex            0%         N/A       96%         3
 Frozen Ramparts          Ice            0%         1d1       96%         3
 Hailstorm                Conj/Ice       0%         3d3       96%         3
 Ozocubu's Armour         Ice            0%         N/A       96%         3
 Stone Arrow              Conj/Erth      0%         3d7       96%         3
 Swiftness                Air            0%         N/A       96%         3
 Vampiric Draining        Necr           0%         2d6       96%         3
 Volatile Blastmotes      Fire/Tloc      0%         2d10      96%         3
 Airstrike                Air            0%         2d(0-16)  100%        4
 Dispel Undead            Necr           0%         3d6       100%        4
 Ice Form                 Ice/Tmut       0%         N/A       100%        4
 Agony                    Necr           0%         N/A       100%        5
 Arcjolt                  Conj/Air       0%         1d10      100%        5
 Metabolic Englaciation   Hex/Ice        0%         N/A       100%        5
 Silence                  Hex/Air        0%         N/A       100%        5
 Orb of Destruction       Conj           0%         9d5       100%        7
 Summon Guardian Golem    Hex/Summ       Unusable   N/A       N/A         3
 Summon Ice Beast         Ice/Summ       Unusable   N/A       N/A         4
 Simulacrum               Ice/Necr       Unusable   N/A       N/A         6
 Spellforged Servitor     Conj/Summ      Unusable   N/A       N/A         7

Dungeon Overview and Level Annotations

Branches:
Dungeon (15/15)            Temple (1/1) D:5            Lair (5/5) D:10
 Shoals (4/4) Lair:2       Spider (0/4) Lair:3        Slime (0/5) Lair:4
    Orc (2/2) D:12            Elf (1/3) Orc:2        Vaults (0/5) D:14
 Depths (0/4) D:15        Volcano (visited)          WizLab (1/1)

Altars:
Ashenzari
Cheibriados
Dithmenos
Elyvilon
Fedhas
Gozag
Hepliaklqana
Kikubaaqudgha
Makhleb
Nemelex Xobeh
Okawaru
Qazlal
Ru
Sif Muna
Trog
Uskayaw
Vehumet
Xom
Yredelemnul
Zin
The Shining One
Jiyva

Shops:
D:5 *   D:14 [   Orc:2 ==:[   Shoals:1 [

Portals:
Hell: Lair:5
Trove: D:10 (give 4 scrolls of fear)
Ice
Cave: Elf:1

Annotations:
D:5 1 runed translucent door, Crazy Yiuf
Shoals:4 3 runed translucent doors, hawla's ghost, journeyman MeFE
Orc:1 6 transporters


Innate Abilities, Weirdness & Mutations

((You are very nimble when in or above water. (Stealth+, EV+, Speed+++)))
Your lower body shifts to a powerful aquatic tail in water.


Message History

The spectral wolf spider barely misses you.
The spectral wolf spider misses you. The spectral titan hits you!!
You feel drained.
An eidolon comes into view.
You slice the spectral wolf spider!!
The spectral wolf spider is almost destroyed.
The spectral wolf spider completely misses you.
The spectral wolf spider bites you.
You slash the spectral wolf spider!
You destroy the spectral wolf spider!
Okawaru accepts your kill.
A spectral quicksilver dragon comes into view.
The spectral titan hits you!
Your Dodging skill increases to level 19!
You slice the spectral titan!!
The spectral titan is moderately damaged.
The eidolon closely misses you. x2; The spectral titan hits you!!
The eidolon gestures.
The eidolon radiates an aura of fear!
You resist with almost no effort.
You completely miss the spectral titan.
The spectral titan is moderately damaged.
You gain the combat prowess of a mighty hero.
The eidolon stares piercingly at you. The bolt of negative energy misses you.
The spectral titan hits you!!
* * * LOW HITPOINT WARNING * * *
You feel much better.
You hit the spectral titan.
The spectral titan is heavily damaged.
The spectral titan misses you.
You hit the spectral titan.
The spectral titan is heavily damaged.
The eidolon stares piercingly at you.
The bolt of negative energy hits the eidolon.
The eidolon completely resists.
The bolt of negative energy misses you. The eidolon completely misses you.
The eidolon hits you!
You feel dopey. The spectral titan hits you!!
* * * LOW HITPOINT WARNING * * *
You feel drained.
You die...

▒▒▒∙∙∙▒▒▒ ▒⌠∙∙∙∙∙⌠▒
▒▒▒▒ ▒∙∙∙∩∙∙∙▒
▒▒∙∙▒▒
▒∙∙∙∙∙∙∙▒▒▒▒▒∙∙∙∙▒▒
∙∙∙▒▒∙▒▒∙∙∙∙∙∙∙∙∙∙∙▒
∙∙∙▒▒∙▒▒∙∙∙∙∙∙∙∙▒∙∙▒
▒▒∙∙∙∙∙∙∙▒▒▒▒▒∙∙∙∙∙▒
▒∙∙∙∩∙∙∙▒ ▒▒∙∙∙∙▒
▒⌠∙∙∙∙∙⌠▒ ▒▒mWW▒
▒▒▒∙∙∙▒▒▒ ▒▒ZZ▒
▒▒∙▒▒ ▒∙∙∙▒ ▒⌠▒
▒∙∙∙▒ ▒▒▒ ∙∙∙∙▒
▒∙∙∙▒ ∙∙∙∙▒ ∙∙∙▒▒
▒∙∙▒


You could see 2 eidola, a spectral quicksilver dragon and a spectral titan.

Vanquished Creatures
  Nikola (Shoals:2)
  The ghost of Meoqees the Peltast, an adept MiFi of Okawaru (Shoals:3)
  A frost giant (D:15)
  A dire elephant (Lair:5)
  9 merfolk impalers
  A fire dragon (Volcano)
  An ettin (Orc:2)
  5 merfolk javelineers
  7 hydras
  5 vault guards (D:14)
  2 death knights (D:14)
  A catoblepas (Lair:2)
  An alligator snapping turtle (Shoals:4)
  5 merfolk aquamancers
  6 centaur warriors
  2 merfolk avatars
  6 two-headed ogres
  14 death yaks (Lair:5)
  4 boulder beetles
  5 tengu warriors
  A hell hog (Volcano)
  2 sun demons
  4 orc high priests (Orc:2)
  7 skysharks
  A spectral spark wasp (WizLab)
  A skeletal warrior (D:13)
  8 sea snakes
  Pikel (D:6)
  A phantasmal warrior (D:14)
  16 harpies
  An orc knight (Orc:1)
  2 wizards
  A spectral wolf spider (WizLab)
  3 deep elf zephyrmancers (Elf:1)
  A wolf spider (D:15)
  An orc sorcerer (Orc:2)
  A salamander (shapeshifter) (D:14)
  3 deep elf pyromancers
  6 cyclopes
  7 fauns
  10 ugly things
  22 manticores
  7 black mambas
  8 merfolk sirens
  6 elephants
  4 water nymphs
  A guardian serpent (shapeshifter) (D:13)
  Maurice (D:9)
  A smoke demon (Lair:5)
  2 molten gargoyles (Volcano)
  An orange demon (Lair:5)
  8 cane toads
  8 rime drakes
  Maggie (D:6)
  2 efreet
  2 gargoyles
  5 komodo dragons
  3 ice devils (Lair:5)
  2 red devils (Lair:5)
  A freezing wraith (D:14)
  3 tengu conjurers
  A guardian mummy (D:10)
  34 merfolk
  A hornet (shapeshifter) (D:13)
  10 trolls
  12 wind drakes
  4 polar bears
  A wolf spider simulacrum (D:14)
  A hornet (D:10)
  8 snapping turtles
  7 dream sheep
  Grinder (D:5)
  28 blink frogs
  17 slime creatures
  4 shadows
  3 centaur simulacra
  20 water elementals
  Grum (D:9)
  2 wyverns
  Eustachio (D:6)
  6 humans (D:14)
  3 basilisks
  48 yaks
  2 fire bats (Volcano)
  2 steam dragons (Volcano)
  11 vampire mosquitoes
  Edmund (D:4)
  Menkaure (D:6)
  2 wargs
  An acid dragon (D:11)
  6 hell hounds
  Duvessa (D:4)
  18 water moccasins
  24 orc warriors
  4 ogres
  2 black bears
  10 wolves
  16 centaurs
  3 boggarts (D:15)
  A phantom (D:5)
  2 kobold brigands
  10 bullfrogs
  4 scorpions
  3 wights (D:6)
  Dowan (D:4)
  5 killer bees (D:10)
  A howler monkey (D:9)
  4 electric eels
  2 crimson imps (D:10)
  6 lava snakes (Volcano)
  23 orc priests
  3 jellies (Lair:4)
  Ijyb (D:4)
  2 iguanas
  26 orc wizards
  13 hell rats (Lair:4)
  4 gnolls (Orc:1)
  7 adders
  A shadow imp (D:13)
  An ufetubus (D:13)
  2 worms
  2 dart slugs
  47 orcs
  9 ball pythons
  14 endoplasms
  2 giant cockroaches
  8 goblins
  9 hobgoblins
  5 jackals
  5 quokkas
  9 bats
  16 kobolds
  9 rats
818 creatures vanquished.

Vanquished Creatures (others)
  A vault guard (D:14)
  An orc wizard (D:12)
2 creatures vanquished.

Grand Total: 820 creatures vanquished

Notes
Turn   | Place    | Note
-------+----------+-------------------------------------------
     0 | D:1      | Zeor the Merfolk Gladiator began the quest for the Orb.
     0 | D:1      | Reached XP level 1. HP: 16/16 MP: 1/1
    93 | D:1      | Reached XP level 2. HP: 21/22 MP: 2/2
   807 | D:1      | Reached skill level 5 in Polearms
   808 | D:1      | Reached XP level 3. HP: 20/27 MP: 3/3
  1194 | D:2      | Identified the +11 whip of Sopte Aha {drain, rElec rC+
                  | Int+7 Stlth-}
  1578 | D:2      | Reached XP level 4. HP: 33/33 MP: 4/4
  2196 | D:3      | Reached skill level 1 in Armour
  2196 | D:3      | Reached XP level 5. HP: 39/39 MP: 5/5
  2202 | D:3      | Found a faded altar of an unknown god.
  2354 | D:4      | Reached skill level 6 in Polearms
  2355 | D:4      | Identified the +5 rapier "Hubes" {freeze, rC- Str+6}
  2384 | D:4      | Noticed Edmund
  2407 | D:4      | Noticed Duvessa
  2441 | D:4      | Killed Edmund
  2442 | D:4      | Reached skill level 5 in Dodging
  2442 | D:4      | Reached skill level 1 in Stealth
  2442 | D:4      | Reached XP level 6. HP: 34/46 MP: 6/6
  2491 | D:4      | Noticed Ijyb
  2523 | D:4      | Killed Ijyb
  2674 | D:4      | Found a stormy altar of Qazlal.
  2722 | D:4      | Found a shadowy altar of Dithmenos.
  2805 | D:4      | Noticed Dowan
  2828 | D:4      | Killed Dowan
  2831 | D:4      | Killed Duvessa
  2832 | D:4      | Reached XP level 7. HP: 20/52 MP: 7/7
  3078 | D:5      | Entered Level 5 of the Dungeon
  3127 | D:5      | Reached skill level 7 in Polearms
  3128 | D:5      | Noticed Grinder
  3129 | D:5      | Paralysed by Grinder for 2 turns
  3159 | D:5      | Paralysed by Grinder for 3 turns
  3166 | D:5      | Killed Grinder
  3290 | D:5      | Found Vakitueg's Gadget Gallery.
  3369 | D:5      | Found a runed translucent door.
  3370 | D:5      | Noticed Crazy Yiuf
  3609 | D:5      | Reached XP level 8. HP: 60/60 MP: 8/8
  3676 | D:5      | Identified the +5 trident "Caopneco" {elec, rF+ Dex+4}
  3778 | D:5      | Found a staircase to the Ecumenical Temple.
  3783 | Temple   | Entered the Ecumenical Temple
  4065 | D:5      | Found an opulent altar of Gozag.
  4309 | D:5      | Found an iron altar of Okawaru.
  4319 | D:5      | Became a worshipper of Warmaster Okawaru
  4703 | D:6      | Noticed Pikel
  4716 | D:6      | Killed Pikel
  4717 | D:6      | Reached skill level 8 in Polearms
  4720 | D:6      | Reached * piety under Okawaru
  4759 | D:6      | Noticed Menkaure
  4764 | D:6      | Killed Menkaure
  4765 | D:6      | Reached XP level 9. HP: 26/67 MP: 10/10
  4912 | D:6      | Got Zyulod's Essays on Gases
  4935 | D:6      | Reached skill level 10 in Dodging
  5035 | D:6      | Reached skill level 5 in Fighting
  5045 | D:6      | Noticed Eustachio
  5065 | D:6      | Killed Eustachio
  5083 | D:6      | Found a hazy altar of Hepliaklqana.
  5124 | D:6      | Noticed Maggie
  5131 | D:6      | Killed Maggie
  5131 | D:6      | Reached ** piety under Okawaru
  5132 | D:6      | Reached skill level 9 in Polearms
  5255 | D:6      | You fall into a shaft and drop 3 floors!
  5315 | D:9      | Noticed Grum
  5344 | D:9      | Killed Grum
  5345 | D:9      | Reached skill level 10 in Polearms
  5374 | D:9      | Reached XP level 10. HP: 55/74 MP: 12/12
  5374 | D:9      | Noticed a two-headed ogre
  5395 | D:9      | Killed a two-headed ogre
  5395 | D:9      | Reached *** piety under Okawaru
  5396 | D:9      | Reached skill level 11 in Polearms
  5553 | D:9      | Noticed Maurice
  5577 | D:9      | Reached skill level 12 in Polearms
  5591 | D:9      | Reached **** piety under Okawaru
  5628 | D:9      | Killed Maurice
  5856 | D:9      | Reached skill level 13 in Polearms
  5857 | D:9      | Reached skill level 5 in Invocations
  6044 | D:10     | Entered Level 10 of the Dungeon
  6053 | D:10     | Reached ***** piety under Okawaru
  6095 | D:10     | Reached XP level 11. HP: 83/83 MP: 14/14
  6100 | D:10     | Found a staircase to the Lair.
  6159 | D:10     | Found a white marble altar of Elyvilon.
  6167 | D:10     | Noticed a two-headed ogre
  6181 | D:10     | Killed a two-headed ogre
  6182 | D:10     | Reached skill level 5 in Stealth
  6264 | D:10     | Noticed a wizard
  6272 | D:10     | Killed a wizard
  6345 | D:10     | Noticed a two-headed ogre
  6358 | D:10     | Killed a two-headed ogre
  6358 | D:10     | Received a gift from Okawaru
  6359 | D:10     | Reached skill level 14 in Polearms
  6526 | D:10     | Received a gift from Okawaru
  6596 | D:10     | Found a shimmering blue altar of Sif Muna.
  6654 | D:10     | Noticed a two-headed ogre
  6671 | D:10     | Killed a two-headed ogre
  6755 | D:10     | Found a shimmering altar of Xom.
  6903 | D:10     | Found a portal to a secret trove of treasure.
  7139 | Lair:1   | Entered Level 1 of the Lair of Beasts
  7233 | Lair:1   | Reached XP level 12. HP: 92/92 MP: 15/17
  7359 | Lair:1   | Reached ****** piety under Okawaru
  7526 | Lair:1   | Reached skill level 15 in Polearms
  8031 | Lair:2   | Noticed a catoblepas
  8042 | Lair:2   | Killed a catoblepas
  8042 | Lair:2   | Received a gift from Okawaru
  8043 | Lair:2   | Reached skill level 5 in Throwing
  8164 | Lair:2   | Received a gift from Okawaru
  8624 | Lair:2   | Received a gift from Okawaru
  8686 | Lair:2   | Found a staircase to the Shoals.
  9093 | Lair:3   | Noticed a boulder beetle
  9102 | Lair:3   | Killed a boulder beetle
  9927 | Lair:3   | Found a hole to the Spider Nest.
 10035 | Lair:3   | Reached skill level 16 in Polearms
 10036 | Lair:3   | Received a gift from Okawaru
 10236 | Lair:3   | Reached XP level 13. HP: 57/99 MP: 18/18
 10380 | Lair:4   | Identified the +4 glaive "Feulent" {vamp, Will+} (Okawaru
                  | gifted it to you on level 4 of the Lair of Beasts)
 10380 | Lair:4   | Received a gift from Okawaru
 10804 | Lair:4   | Found a staircase to the Slime Pits.
 10805 | Lair:4   | Found a viscous altar of Jiyva.
 10979 | Lair:4   | Reached skill level 17 in Polearms
 11269 | Lair:5   | Entered Level 5 of the Lair of Beasts
 11397 | Lair:5   | Received a gift from Okawaru
 11540 | Lair:5   | Identified the +8 broad axe of Upheaval {venom, rPois Str+3
                  | Int+3} (Okawaru gifted it to you on level 5 of the Lair of
                  | Beasts)
 11540 | Lair:5   | Received a gift from Okawaru
 11724 | Lair:5   | Reached skill level 18 in Polearms
 11741 | Lair:5   | Received a gift from Okawaru
 11773 | Lair:5   | Reached skill level 15 in Dodging
 11830 | Lair:5   | Received a gift from Okawaru
 11959 | Lair:5   | Reached XP level 14. HP: 108/108 MP: 20/20
 11984 | Lair:5   | Received a gift from Okawaru
 12104 | Lair:5   | Received a gift from Okawaru
 12116 | Lair:5   | Reached skill level 19 in Polearms
 12325 | Lair:5   | Noticed a dire elephant
 12346 | Lair:5   | Killed a dire elephant
 12354 | Lair:5   | Identified the +1 helmet "Cokoeth" {rElec rPois MP+9 Dex-5}
                  | (Okawaru gifted it to you on level 5 of the Lair of Beasts)
 12354 | Lair:5   | Received a gift from Okawaru
 13074 | Lair:5   | Found a burning altar of Makhleb.
 13079 | Lair:5   | Found a gateway to Hell.
 13430 | D:11     | Found Tyafryba's Firing Range.
 13894 | D:11     | Reached skill level 10 in Fighting
 14451 | D:12     | Reached skill level 20 in Polearms
 14507 | D:12     | Found a staircase to the Orcish Mines.
 15111 | Orc:1    | Entered Level 1 of the Orcish Mines
 15168 | Orc:1    | Found a transporter.
 15170 | Orc:1    | Found a transporter.
 15170 | Orc:1    | Found a transporter.
 15171 | Orc:1    | Found a sparkling altar of Nemelex Xobeh.
 15171 | Orc:1    | Noticed a juggernaut
 15229 | Orc:1    | Found a dark tunnel.
 15252 | Volcano  | Entered a volcano
 15548 | Volcano  | Found a radiant altar of Vehumet.
 15599 | Volcano  | Identified the ring "Hoapp" {rPois rC- rN+ MP+9}
 15642 | Volcano  | Received a gift from Okawaru
 15643 | Volcano  | Reached skill level 10 in Invocations
 16043 | Orc:1    | Found a transporter.
 16043 | Orc:1    | Found a transporter.
 16043 | Orc:1    | Found a transporter.
 16519 | Orc:2    | Entered Level 2 of the Orcish Mines
 16523 | Orc:2    | Reached XP level 15. HP: 117/117 MP: 22/22
 16593 | Orc:2    | Found a staircase to the Elven Halls.
 17020 | Orc:2    | Found Aniafoh's Jewellery Shop.
 17020 | Orc:2    | Found Hifruc Xoto's Armour Boutique.
 17021 | Orc:2    | Found Werum's Book Boutique.
 17023 | Orc:2    | Found Wuomum's Jewellery Shop.
 17233 | Orc:2    | Bought the ring "Hageff" {rElec rPois Str+3} for 644 gold
                  | pieces
 17238 | Orc:2    | Bought a +1 pair of gloves of infusion for 280 gold pieces
 17611 | D:13     | Identified the ring "Turue" {rF+ Str-5 Dex+4 SInv Stlth+}
 18470 | D:13     | Received a gift from Okawaru
 18571 | D:13     | Identified 3 scrolls of acquirement
 18572 | D:13     | Acquired the ring of the Fabulous God {rF+++ rN+ Str-5
                  | Slay+5}
 18577 | D:13     | Acquired 777 gold pieces
 18579 | D:13     | Acquired a manual of Armour
 18748 | D:13     | Got Wiczi Ari's Early Guide to Wizardry
 19155 | D:14     | Identified the ring of Daephiasm {Str-3 Int+4 Dex+6 Slay+5}
 19549 | Shoals:1 | Entered Level 1 of the Shoals
 20395 | Shoals:1 | Reached XP level 16. HP: 92/129 MP: 20/24
 20546 | Shoals:1 | Found Areonk's Armour Shoppe.
 21089 | Shoals:1 | Received a gift from Okawaru
 21387 | Shoals:2 | Noticed Nikola
 21952 | Shoals:2 | Received a gift from Okawaru
 21982 | Shoals:2 | Killed Nikola
 22671 | Shoals:3 | Found a runed translucent door.
 22675 | Shoals:3 | Received a gift from Okawaru
 22935 | Shoals:3 | Reached skill level 5 in Armour
 23077 | Shoals:3 | Noticed Meoqees's ghost (adept MiFi)
 23100 | Shoals:3 | Killed Meoqees's ghost
 23100 | Shoals:3 | Received a gift from Okawaru
 23110 | Shoals:3 | Identified the ring of Freedom {Drain rCorr Str+6 Dex+3}
 23608 | Shoals:4 | Entered Level 4 of the Shoals
 23836 | Shoals:4 | Reached skill level 10 in Throwing
 23863 | Shoals:4 | Reached skill level 21 in Polearms
 23869 | Shoals:4 | Received a gift from Okawaru
 24057 | Shoals:4 | Received a gift from Okawaru
 24120 | Shoals:4 | Identified the staff of cold "Teumuz" {rC+ Int+4}
 24205 | Shoals:4 | Identified the ring of Sanogon {rPois Will+}
 24255 | Shoals:4 | Identified the +2 scale mail "Xaeff" {rF+ rCorr MP+9}
                  | (Okawaru gifted it to you on level 4 of the Shoals)
 24255 | Shoals:4 | Received a gift from Okawaru
 24450 | Shoals:4 | Identified the ring of Broken Luck {+Blink rCorr}
 24657 | Arena    | Entered the Arena
 24666 | Arena    | Reached XP level 17. HP: 44/140 MP: 25/25
 24780 | Shoals:4 | Got a barnacled rune of Zot
 25156 | Shoals:4 | Found a runed translucent gate.
 25156 | Shoals:4 | Found a runed translucent gate.
 25157 | Shoals:4 | Found a runed translucent gate.
 25158 | Shoals:4 | Noticed hawla's ghost (journeyman MeFE)
 25210 | Shoals:4 | Identified the +6 falchion of Equivalence {heavy, Str+3}
 25224 | Shoals:4 | Reached skill level 15 in Fighting
 26082 | D:14     | Found Kushezestre's Armour Boutique.
 26660 | D:14     | Received a gift from Okawaru
 26700 | D:14     | Identified the +10 broad axe "Demonbane" {drain, Will+}
 26707 | D:14     | Found a gate to the Vaults.
 26856 | D:15     | Entered Level 15 of the Dungeon
 26863 | D:15     | Acquired the +0 plate armour of Vadghugh {Contam rN+++
                  | Regen+ Int-5}
 27709 | D:15     | Found a staircase to the Depths.
 28093 | Elf:1    | Entered Level 1 of the Elven Halls
 28247 | Elf:1    | Found a magical portal.
 28249 | Elf:1    | Found a frozen archway.
 28257 | WizLab   | Entered Borgnjor's Mausoleum
 28346 | WizLab   | Mangled by a spectral titan

Illustrated notes

Levels and vault maps discovered:
D:1:      lemuel_arrival_hallway, layout_basic, hangedman_feature_mirror
D:2:      layout_loops_corners
D:3:      layout_rooms, hellmonk_ecumenical_altar_lost_god, minmay_between
D:4:      layout_rooms, kennysheep_mini, mainiacjoe_overflow_cross_hatched,
          minmay_crystal_water, uniq_edmund, uniq_duvessa, uniq_ijyb
D:5:      layout_loops_corners, kennysheep_okawaru_gauntlet,
          kennysheep_mini_moat, temple_doors_cd, nicolae_shop_gadgets,
          uniq_crazy_yiuf_cottage, uniq_grinder
D:6:      layout_loops_cross, worldfamousw_hep_ancestral_shrine, uniq_menkaure,
          uniq_maggie, uniq_pikel, uniq_eustachio
D:9:      layout_rooms, nicolae_nh_ransacked_shop, uniq_grum, uniq_maurice
D:10:     layout_roguey, nicolae_sif_muna_little_library, elyvilon_altar_4,
          led_xom_imps, due_lair_maze_entry_diamond,
          nicolae_trove_entry_path_of_doom, minmay_librarian
D:11:     layout_irregular_city, nicolae_shop_firing_range
D:12:     layout_loops_cross, david_orc_4
D:13:     kennysheep_demon_hangout, layout_loops_ring, minmay_fractal_squares_5
D:14:     layout_cross, ximxim_vaults_locker_room, serial_shops,
          nicolae_shop_statue_plus, grunt_decor_arrowhead,
          chequers_serial_rivers_room_a
D:15:     grunt_enter_depths_snipers, layout_long_grid
Temple:   nicolae_temple_bog_church
Lair:1:   layout_regular_city, nicolae_quartered_pool_medium,
          grunt_forest_large_clearings
Lair:2:   layout_cave_pods, minmay_shoals_entry_centaurs,
          infiniplex_staircase_pool_2, serial_bayou_shore_a, grunt_megastairs_2
Lair:3:   layout_concentric_octagons, spider_nest_entry_web_field,
          nzn_sisyphean_effort
Lair:4:   layout_long_grid, nicolae_slime_entry_slimehenge,
          infiniplex_staircase_pool, serial_bayou_shore_b
Lair:5:   evil_forest, layout_regular_city, lemuel_fruit_fields
Shoals:1: cheibrodos_shoals_baths, layout_shoals, nicolae_shoals_c_island
Shoals:2: layout_shoals, nicolae_shoals_gull_way, uniq_nikola
Shoals:3: layout_shoals, ebering_ghost_reflecting_pool
Shoals:4: shoals_end_simple, layout_shoals, gammafunk_ghost_necromancy
Orc:1:    layout_caves, lightli_volcano_entry_magma_tube,
          hellmonk_bongcloud_opening, lemuel_statue_altar, hellmonk_jugg_or_not
Orc:2:    st_orc_mages, layout_diamond_mine, basic_altar
Elf:1:    eino_elf_arrival_customs, layout_onion_city,
          portal_ice_cave_entry_pillars_2, mu_enter_wizlab_4,
          ebering_ghost_inner_flame, hangedman_elf_represent, minivault_16,
          uniq_roxanne
WizLab:   wizlab_borgnjor

Skill      XL: |  1  2  3  4  5  6  7  8  9 10 11 12 13 14 15 16 17 |
---------------+----------------------------------------------------+-----
Polearms       | 5 6 7 8 10 13 14 16 18 20 21 | 21.6
Armour         | 1 2 3 4 5 7 |  7.8
Dodging        | 5 6 7 9 10 11 12 14 15 16 17 18 19 | 19.0
Stealth        | 1 2 3 4 6 7 |  7.3
Fighting       | 3 4 5 6 7 8 9 10 12 14 15 | 15.8
Invocations    | 2 3 5 6 7 8 10 11 12 | 12.2
Throwing       | 4 5 7 8 9 10 | 10.8

Action                     |  1- 3 |  4- 6 |  7- 9 | 10-12 | 13-15 | 16-18 || total
---------------------------+-------+-------+-------+-------+-------+-------++-------
  Melee: Trident           |    94 |       |   126 |   471 |    13 |       ||   704
         Punch             |     2 |     1 |     1 |     5 |       |       ||     9
         Whip              |    24 |    56 |       |       |       |       ||    80
         Rapier            |       |    70 |    36 |       |       |       ||   106
         Glaive            |       |       |       |    83 |  1354 |   992 ||  2429
         Tailslap          |       |       |       |     2 |    25 |    45 ||    72
         Bardiche          |       |       |       |       |     7 |    13 ||    20
  Throw: Javelin           |       |       |     2 |     2 |    34 |     3 ||    41
         Throwing net      |       |       |     1 |     6 |     2 |       ||     9
         Dart              |       |       |       |     9 |     4 |       ||    13
 Invoke: Heroism           |       |       |       |     1 |     5 |     5 ||    11
         Finesse           |       |       |       |       |     1 |     1 ||     2
         Duel              |       |       |       |       |       |     1 ||     1
    Use: Scroll            |     7 |     9 |     4 |     5 |    10 |     6 ||    41
         Potion            |       |     2 |     4 |     3 |     5 |     3 ||    17
   Stab: Sleeping          |     3 |     1 |     4 |    11 |    26 |    16 ||    61
         Held in net/web   |       |       |     2 |     2 |       |       ||     4
         Distracted        |       |       |       |     2 |     6 |     3 ||    11
 Armour: Leather armour    |    32 |    27 |    15 |       |       |       ||    74
         Steam dragon scal |       |       |     7 |    59 |   154 |    52 ||   272
         Scale mail        |       |       |       |       |     4 |   108 ||   112
  Dodge: Dodged            |    99 |   100 |   147 |   411 |  1204 |   952 ||  2913
         Repelled          |       |       |       |       |     3 |    16 ||    19
